 Dungeon Crawl Stone Soup version 0.31-a0-365-gcf821cafb2 (webtiles) character file.

Game seed: 3644326311126360934

341 CraigForest the Covered (level 6, -4/53 HPs)
             Began as a Minotaur Fighter on July 27, 2023.
             Was an Initiate of Qazlal.
             Slain by CraigForest's ghost (7 damage)
             ... on level 4 of the Dungeon.
             The game lasted 00:18:32 (2887 turns).

CraigForest the Covered (Minotaur Fighter)          Turns: 2887, Time: 00:18:32

Health: -4/53      AC: 10    Str: 16    XL:     6   Next: 30%
Magic:  5/5        EV: 10    Int:  5    God:    Qazlal [......]
Gold:   193        SH:  5    Dex: 16    Spells: 5/5 levels left

rFire   . . .        q - +6 trident "Curoef" {vamp, Fly Str-4 Dex+4}
rCold   + . .        c - +0 buckler
rNeg    . . .        t - +2 ring mail {rC+}
rPois   .            (helmet restricted)
rElec   .            (no cloak)
rCorr   .            (no gloves)
SInv    +            s - +1 pair of boots
Will    .....        (no amulet)
Stlth   +            r - ring of see invisible
HPRegen 0.28/turn    (no ring)
MPRegen 0.09/turn

%: no passive effects
@: flying
A: horns 2, retaliatory headbutt
a: Renounce Religion


You were on level 4 of the Dungeon.
You worshipped Qazlal.
Qazlal was noncommittal.
You visited 2 branches of the dungeon, and saw 5 of its levels.

You collected 193 gold pieces.

Inventory:

Hand Weapons
 a - a +0 long sword
 i - a +1 dagger of protection
 o - the +5 sling "Xixif" {flame, rElec rF+}
   (You found it on level 3 of the Dungeon)

   rF:        It protects you from fire.
   rElec:     It insulates you from electricity.
 p - a +2 rapier of venom
 q - the +6 trident "Curoef" (weapon) {vamp, Fly Str-4 Dex+4}
   (You found it on level 4 of the Dungeon)

   Str:       It affects your strength (-4).
   Dex:       It affects your dexterity (+4).
   Fly:       It grants you flight.
Missiles
 f - 3 poisoned darts
 g - 40 stones
 j - 3 boomerangs of dispersal
Armour
 b - a +0 scale mail
 c - a +0 buckler (worn)
 s - a +1 pair of boots (worn)
 t - a +2 ring mail of cold resistance (worn)
Jewellery
 r - a ring of see invisible (left hand)
Scrolls
 e - a scroll of teleportation
 k - a scroll of blinking
 v - 2 scrolls of identify
 w - a scroll of torment {unknown}
 x - a scroll of noise {unknown}
Potions
 d - a potion of might
 h - a potion of enlightenment
 l - a potion of ambrosia
 m - 2 potions of curing
 n - a potion of berserk rage
 u - a potion of haste


   Skills:
 + Level 4.6 Fighting
 + Level 1.7(3.4) Short Blades
 + Level 5.0(5.2) Long Blades
 + Level 0.4 Polearms
 + Level 5.1 Armour
 + Level 1.0 Dodging
 + Level 0.4 Stealth
 + Level 4.7 Shields


You had 5 spell levels left.
You didn't know any spells.
Your spell library contained the following spells:

 Spells                   Type           Power      Damage    Failure   Level
 Magic Dart               Conj           0%         1d3       77%         1
 Call Imp                 Summ           0%         N/A       88%         2
 Wereblood                Tmut           0%         N/A       88%         2
 Mephitic Cloud           Conj/Pois/Air  0%         N/A       98%         3
 Irradiate                Conj/Tmut      0%         3d11      100%        5


Dungeon Overview and Level Annotations

Branches:
Dungeon (4/15)             Temple (1/1) D:4

Altars:
Ashenzari
Cheibriados
Elyvilon
Fedhas
Gozag
Kikubaaqudgha
Makhleb
Nemelex Xobeh
Qazlal
Trog
Uskayaw
Vehumet
Yredelemnul
Zin
The Shining One

Annotations:
D:4 CraigForest's ghost, novice MeSh


Innate Abilities, Weirdness & Mutations

You have a pair of horns on your head.
You reflexively headbutt those who attack you in melee.


Message History

You feel sick. You block the bullfrog's attack.
The bullfrog attacks as you move away! You block the bullfrog's attack.
You feel sick. The bullfrog attacks as you move away!
The bullfrog barely misses you.
You feel sick.
The bullfrog hits you but does no damage.
The bullfrog attacks as you move away! The bullfrog barely misses you.
You feel sick.
You feel sick.
The bullfrog hits you but does no damage.
You feel sick.
You feel sick. The bullfrog closely misses you.
You feel sick.
You are no longer poisoned.
CraigForest's ghost whispers, "They're coming for you..."
The bullfrog hits you but does no damage.
The bullfrog snags a nearby small bird with its tongue.
The bullfrog barely misses you. You furiously retaliate!
You headbutt the bullfrog! The bullfrog attacks as you move away!
The bullfrog hits you. x2
Reach: q) +6 trident "Curoef" {vamp, Fly Str-4 Dex+4}
Press: ? - help, Dir - move target, f - CraigForest's ghost
Aim: CraigForest's ghost (about 42% to evade the +6 trident "Curoef")
The bullfrog is in the way.
You puncture the bullfrog!
You feel better.
You kill the bullfrog!
Qazlal accepts your kill.
Your Dodging skill increases to level 1!
You barely miss CraigForest's ghost.
Your headbutt misses CraigForest's ghost.
CraigForest's ghost hits you but does no damage.
You barely miss CraigForest's ghost.
Your headbutt misses CraigForest's ghost.
CraigForest's ghost closely misses you. CraigForest's ghost hits you!
* * * LOW HITPOINT WARNING * * *
CraigForest's ghost attacks as you move away!
CraigForest's ghost hits you!
* * * LOW HITPOINT WARNING * * *
CraigForest's ghost attacks as you move away!
CraigForest's ghost hits you!
You die...

.### #...... #############
#...... ....w.......# #......
.....K...K..# #......
.#########..## #......
.#.......#...# #......
.#.......#...# #......
.'.....$.#...##############......
.'.....".#...K.W@................
.'.......#..#.###################
.#..?....#..#.# .#.......#..#.#
(#########....# ............#.#
............#.# ###...........#
#############


You could see CraigForest's ghost and a kobold.

Vanquished Creatures
  A phantom (D:4)
  A bullfrog (D:4)
  A hound (D:3)
  5 gnolls
  4 adders
  A worm (D:3)
  3 dart slugs
  8 ball pythons
  4 bats
  9 endoplasms
  3 giant cockroaches (D:1)
  5 goblins
  6 hobgoblins
  6 jackals
  8 kobolds
  4 quokkas
  4 frilled lizards
  4 rats
77 creatures vanquished.

Notes
Turn   | Place    | Note
-------+----------+-------------------------------------------
     0 | D:1      | CraigForest the Minotaur Fighter began the quest for the
                  | Orb.
     0 | D:1      | Reached XP level 1. HP: 19/19 MP: 0/0
   448 | D:1      | Reached XP level 2. HP: 26/27 MP: 1/1
   758 | D:1      | Reached XP level 3. HP: 33/33 MP: 2/2
  1601 | D:3      | Reached XP level 4. HP: 5/40 MP: 3/3
  2054 | D:3      | Reached XP level 5. HP: 45/46 MP: 4/4
  2244 | D:3      | Identified the +5 sling "Xixif" {flame, rElec rF+}
  2569 | D:4      | Found a runed translucent gate.
  2569 | D:4      | Found a runed translucent gate.
  2570 | D:4      | Found a runed translucent gate.
  2571 | D:4      | Noticed CraigForest's ghost (novice MeSh)
  2615 | D:4      | Noticed a phantom
  2627 | D:4      | Killed a phantom
  2628 | D:4      | Reached skill level 1 in Short Blades
  2628 | D:4      | Reached skill level 5 in Armour
  2641 | D:4      | Identified the +6 trident "Curoef" {vamp, Fly Str-4 Dex+4}
  2747 | D:4      | Found a staircase to the Ecumenical Temple.
  2755 | D:4      | Reached skill level 5 in Long Blades
  2755 | D:4      | Reached XP level 6. HP: 53/53 MP: 5/5
  2759 | Temple   | Entered the Ecumenical Temple
  2768 | Temple   | Became a worshipper of Qazlal Stormbringer
  2884 | D:4      | Reached skill level 1 in Dodging
  2887 | D:4      | Slain by CraigForest's ghost

Illustrated notes

Levels and vault maps discovered:
D:1:      kilobyte_arrival_exit_the_forest, layout_basic, minmay_tromino_mix6
D:2:      layout_basic, minmay_fountain_box, minmay_crystal_room
D:3:      layout_loops_ring, serial_bayou_lake_a
D:4:      layout_basic, minmay_temple_entry_mist, gammafunk_ghost_split
Temple:   hellmonk_temple_of_storms

Skill      XL: |  1  2  3  4  5  6 |
---------------+-------------------+-----
Armour         | 4 5 |  5.1
Fighting       | 4 |  4.6
Shields        | 4 |  4.7
Long Blades    | 3 4 5 |  5.0
Short Blades   | 1 |  1.7
Dodging        | 1 |  1.0
Polearms       | |  0.4
Stealth        | |  0.4

Action                     |  1- 3 |  4- 6 || total
---------------------------+-------+-------++-------
  Melee: Long sword        |    80 |    11 ||    91
         Headbutt          |    14 |    18 ||    32
         Rapier            |       |    62 ||    62
         Trident           |       |    19 ||    19
    Use: Scroll            |       |    11 ||    11
         Potion            |       |     1 ||     1
 Armour: Scale mail        |    21 |    21 ||    42
         Ring mail         |       |    17 ||    17
  Dodge: Dodged            |    50 |    49 ||    99
  Block: Buckler           |    16 |    24 ||    40

Table legend: (Time is in decaauts)
 A = Elapsed time spent in this place.
 B = Non-inter-level travel time spent in this place.
 C = Inter-level travel time spent in this place.
 D = Time resting spent in this place.
 E = Time spent auto-exploring this place.
 F = Levels seen in this place.
 G = Mean time per level.
                   A        B        C        D        E       F      G
               +--------+--------+--------+--------+--------+-----+--------+
         Total |   2990 |   2185 |    805 |      0 |   1521 |   5 |  598.0 |
       Dungeon |   2970 |   2176 |    794 |      0 |   1521 |   4 |  742.5 |
        Temple |     19 |      8 |     11 |      0 |      0 |   1 |   19.0 |
               +--------+--------+--------+--------+--------+-----+--------+

Top non-repeatable levels by time:
     D:1: 1085 daAuts
     D:3: 1033 daAuts
     D:2: 521 daAuts
     D:4: 330 daAuts
  Temple: 19 daAuts
